 Seeded DCSS version 0.28-a0-1347-g113dc556a4 (webtiles) character file.

Game seed: 3977678538937653055 (custom seed)

144974 croobank the Nimble (level 17, -2/123 HPs)
             Began as a Gnoll Monk on Dec 29, 2021.
             Was the Champion of Hepliaklqana.
             Slain by a redback (3 damage)
             ... on level 4 of the Spider Nest on Dec 30, 2021.
             The game lasted 06:07:26 (30800 turns).

croobank the Nimble (Gnoll Monk)                   Turns: 30800, Time: 06:07:27

Health: -2/123     AC: 20    Str: 21      XL:     17   Next: 41%
Magic:  32/32      EV:  8    Int: 12 (13) God:    Hepliaklqana [******]
Gold:   3763       SH:  0    Dex: 15      Spells: 9/39 levels left

rFire   + + .      SeeInvis +   a - +7 hand axe (venom)
rCold   + + .      Faith    .   d - +0 buckler
rNeg    . . .      Spirit   .   j - +3 scale mail {rPois}
rPois   +          Reflect  .   c - +2 hat {Will+}
rElec   +          Harm     .   C - scarf {rC+ rF+}
rCorr   +          Rampage  .   U - +1 pair of gloves
Will    ++...                   E - +2 pair of boots
Stlth   ..........              J - amulet of regeneration
HPRegen 1.10/turn               r - +6 ring of strength
MPRegen 0.23/turn               O - ring of see invisible

@: confused, silenced, resistant, ambrosia-drunk, held
A: reduced essence, fangs 1, strong nose, distributed training, mutation
resistance 1
a: Renounce Religion


You were on level 4 of the Spider Nest.
You worshipped Hepliaklqana.
Hepliaklqana was exalted by your worship.
You visited 4 branches of the dungeon, and saw 27 of its levels.
You also visited: Gauntlet.

You collected 4111 gold pieces.
You spent 348 gold pieces at shops.

Inventory:

Hand Weapons
 a - a +7 hand axe of venom (weapon)
 b - a +3 shortbow of flaming
 z - the +9 whip "Ukhlism" {drain, rF+ Str-4 Dex+4}
   (You took it off an orc on level 9 of the Dungeon)

   A truly terrible weapon, it drains the life of any living foe it strikes.
   Str:       It affects your strength (-4).
   Dex:       It affects your dexterity (+4).
   rF:        It protects you from fire.
 I - the +6 hunting sling of Suicidal Tendencies {venom, Fragile Dex+6}
   (You found it on level 14 of the Dungeon)

   Any ammunition fired from it poisons the flesh of those it strikes.
   Dex:       It affects your dexterity (+6).
   Fragile:   It will be destroyed if unequipped.
 Q - the +4 rapier "Mesh" {vorpal, Drain Str+3 Int+7 Dex+2}
   (You found it on level 3 of the Lair of Beasts)

   It inflicts extra damage upon your enemies.
   Str:       It affects your strength (+3).
   Int:       It affects your intelligence (+7).
   Dex:       It affects your dexterity (+2).
   Drain:     It drains your maximum health when unequipped.
Missiles
 h - 2 silver boomerangs
 B - 323 arrows
 G - 21 boomerangs
 X - 5 curare-tipped darts (quivered)
Armour
 c - a +2 hat of willpower (worn)
 d - a +0 buckler (worn)
 j - a +3 scale mail of poison resistance (worn)
 l - a +3 chain mail
 m - a +4 troll leather armour {Snorg}
 p - the +9 scale mail "Bef Xenk" {rF+ Will+}
   (You found it on level 5 of the Lair of Beasts)

   rF:        It protects you from fire.
   Will:      It increases your willpower.
 s - the +4 ring mail of Komas {Drain rF+ rC+ Dex+5}
   (You found it on level 11 of the Dungeon)

   Dex:       It affects your dexterity (+5).
   rF:        It protects you from fire.
   rC:        It protects you from cold.
   Drain:     It drains your maximum health when unequipped.
 y - the +4 ring mail "Nirche" {Regen+}
   (You found it on level 4 of the Dungeon)

   Regen:     It increases your rate of health regeneration.
 C - a scarf of resistance (worn)
 E - a +2 pair of boots (worn)
 U - a +1 pair of gloves (worn)
Jewellery
 f - a ring of flight
 i - the ring of Amelioration {Wiz rC+}
   (You found it in a Gauntlet)

   [ring of wizardry]

   It improves your spell success rate.
   rC:        It protects you from cold.
 r - a +6 ring of strength (left hand)
 u - the ring "Hovuu" {rElec rF- rCorr Int+6 Dex+6}
   (You acquired it on level 3 of the Dungeon)

   [ring of intelligence]

   Int:       It affects your intelligence (+6).
   Dex:       It affects your dexterity (+6).
   rF:        It makes you vulnerable to fire.
   rElec:     It insulates you from electricity.
   rCorr:     It protects you from acid and corrosion.
 J - an amulet of regeneration (around neck)
 K - a ring of protection from cold
 L - a ring of see invisible
 M - a +4 ring of protection
 N - a +4 ring of evasion
 O - a ring of see invisible (right hand)
 S - a ring of protection from cold
 W - a ring of resist corrosion
 Z - a ring of positive energy
Wands
 e - a wand of acid (7)
 k - a wand of charming (10)
 q - a wand of flame (20)
 H - a wand of mindburst (2)
Scrolls
 n - 6 scrolls of fog
 t - a scroll of fear
 v - 3 scrolls of teleportation
 w - 4 scrolls of magic mapping
 F - a scroll of brand weapon
 P - 11 scrolls of identify
 V - a scroll of blinking
Potions
 o - 13 potions of curing {curing}
 x - 4 potions of magic {magic, unknown}
 A - a potion of flight
 D - 2 potions of haste
 R - 2 potions of cancellation
 T - 4 potions of brilliance
 Y - 6 potions of ambrosia


   Skills:
 + Level 13.2 Fighting
 + Level 11.6 Short Blades
 + Level 11.6 Long Blades
 + Level 13.2 Axes
 + Level 11.6 Maces & Flails
 + Level 11.6 Polearms
 + Level 11.6 Staves
 + Level 11.6 Slings
 + Level 11.6 Bows
 + Level 11.6 Crossbows
 + Level 11.6 Throwing
 + Level 11.6 Armour
 + Level 13.2 Dodging
 + Level 12.3 Stealth
 + Level 11.6 Shields
 + Level 11.6 Unarmed Combat
 + Level 11.6 Spellcasting
 + Level 9.8 Conjurations
 + Level 9.8 Hexes
 + Level 9.8 Summonings
 + Level 9.8 Necromancy
 + Level 9.8 Translocations
 + Level 9.8 Transmutations
 + Level 9.8 Fire Magic
 + Level 9.8 Ice Magic
 + Level 9.8 Air Magic
 + Level 9.8 Earth Magic
 + Level 9.8 Poison Magic
 + Level 12.6 Invocations
 + Level 11.6 Evocations


You had 9 spell levels left.
You knew the following spells:

 Your Spells              Type           Power      Damage    Failure   Level
a - Dazzling Flash        Conj/Hex       60%        N/A       1%          3
b - Silence               Hex/Air        15%        N/A       11%         5
c - Swiftness             Air            30%        N/A       1%          3
d - Summon Ice Beast      Ice/Summ       30%        N/A       3%          4
e - Petrify               Tmut/Erth      30%        N/A       3%          4
f - Frozen Ramparts       Ice            60%        1d8       1%          3
g - Cause Fear            Hex            15%        N/A       3%          4
h - Passage of Golubria   Tloc           30%        N/A       3%          4

Your spell library contained the following spells:

 Spells                   Type           Power      Damage    Failure   Level
 Magic Dart               Conj           100%       1d8       1%          1
 Call Imp                 Summ           30%        N/A       1%          2
 Passwall                 Tmut/Erth      25%        N/A       1%          2
 Mephitic Cloud           Conj/Pois/Air  30%        N/A       1%          3
 Ozocubu's Armour         Ice            30%        N/A       1%          3
 Tukima's Dance           Hex            30%        N/A       1%          3
 Ice Form                 Ice/Tmut       30%        N/A       3%          4
 Agony                    Necr           30%        N/A       11%         5
 Metabolic Englaciation   Hex/Ice        15%        N/A       11%         5
 Yara's Violent Unravell  Hex/Tmut       15%        3d8       11%         5
 Conjure Ball Lightning   Conj/Air       15%        3x3d6     52%         6
 Statue Form              Tmut/Erth      20%        N/A       52%         6
 Dragon Form              Tmut           15%        N/A       97%         7
 Ozocubu's Refrigeration  Ice            15%        4d8       97%         7
 Discord                  Hex            15%        N/A       100%        8
 Disjunction              Tloc           15%        N/A       100%        8
 Dragon's Call            Summ           15%        N/A       100%        9


Dungeon Overview and Level Annotations

Branches:
Dungeon (15/15)            Temple (0/1) D:5            Lair (6/6) D:10
 Shoals (0/4) Lair:3       Spider (4/4) Lair:4        Slime (0/5) Lair:6
    Orc (2/2) D:11            Elf (0/3) Orc:2        Vaults (0/5) D:14
Gauntlet (visited)
 Depths: D:15

Altars:
Cheibriados
Hepliaklqana
Wu Jian
Xom
The Shining One
Beogh
Jiyva

Shops:
D:7 *   D:9 [(   D:13 *   Orc:2 [?*[

Portals:
Abyss: Lair:4

Annotations:
D:6 1 runed translucent door
D:7 2 transporters
Lair:1 exclusion: oklob plant
Lair:4 2 transporters, Jysajome's ghost, adept OgCj
Spider:3 Mara
Spider:4 Arachne


Innate Abilities, Weirdness & Mutations

Your life essence is reduced to manifest your ancestor. (-10% HP)
You have very sharp teeth.
Your uncanny sense of smell can sniff out nearby items.
Your experience applies equally to all skills.
You are somewhat resistant to further mutation.


Message History

Andrew J Allford hits Arachne with a +0 quarterstaff.
Arachne hits you with a staff of poison!
Arachne envenoms you.
You are poisoned.
You block the jumping spider's attack.
The jumping spider bites you but does no damage.
You completely miss Arachne.
Arachne is severely wounded.
You hit the redback.
The redback looks as sick as possible!
You barely miss the jumping spider.
You feel sick.
The redback bites you but does no damage.
Arachne hits you with a staff of poison!!
* * * LOW HITPOINT WARNING * * *
Arachne envenoms you!
* * * LOW HITPOINT WARNING * * *
The jumping spider pounces on you.
* * * LOW HITPOINT WARNING * * *
You are caught in a web!
The jumping spider barely misses you.
It was a potion of resistance.
You feel protected.
You feel sick.
You are no longer poisoned.
Andrew J Allford closely misses Arachne.
The redback bites you but does no damage.
Arachne hits you but does no damage. Arachne envenoms you.
* * * LOW HITPOINT WARNING * * *
The jumping spider pounces on you!
* * * LOW HITPOINT WARNING * * *
The jumping spider bites you but does no damage.
You are confused.
You feel invigorated.
The redback bites Andrew J Allford!
Arachne hits you but does no damage. Arachne envenoms you.
* * * LOW HITPOINT WARNING * * *
The jumping spider pounces on you.
* * * LOW HITPOINT WARNING * * *
You are even more entangled.
The jumping spider bites you but does no damage.
Andrew J Allford closely misses Arachne.
The redback bites you.
You die...

##### #...### ##
###...#.### .#
##.#.....#.# ..##
#..........##..^#
###........#....#
#..........@H..#
##...#..#..sRss..#
##....#......^.^..#
##^..............s^#
##...##^....###.###.#
##....###.#..# (.#
.^# #^.....^###^.#
.$. .# .....#### ...#
.#. ∆. ......# #


You could see the friendly Andrew J Allford the battlemage, Arachne (poisoned,
ally target), a jumping spider (unsilenced, very poisoned) and 3 redbacks.

Vanquished Creatures
  Nikola (Spider:2)
  Kirke (D:14)
  A broodmother (Spider:3)
  Nessos (D:14)
  2 entropy weavers
  Azrael (D:14)
  3 spark wasps (Spider:1)
  Snorg (Lair:5)
  2 vault guards (D:14)
  2 boulder beetles
  A catoblepas (Lair:6)
  10 hydras
  3 centaur warriors
  4 two-headed ogres
  A death knight (D:14)
  4 death yaks
  2 orc high priests (Orc:2)
  A sun moth (Spider:2)
  5 pharaoh ants
  2 steelbarb worms
  3 skeletal warriors
  3 wizards (D:14)
  A phantasmal warrior (D:14)
  Pikel (D:9)
  3 orc knights (Orc:2)
  A necromancer (D:14)
  4 orc sorcerers (Orc:2)
  3 moths of wrath
  15 wolf spiders
  A cyclops (D:13)
  10 elephants
  2 centaur zombies
  2 black mambas
  A gargoyle (D:14)
  4 demonic crawlers
  7 cane toads
  A freezing wraith (D:14)
  2 rime drakes
  5 komodo dragons
  An efreet (D:14)
  6 trolls
  11 meliai
  9 slime creatures (D:12)
  A polar bear (Lair:6)
  12 blink frogs
  7 tarantellas
  A blink frog (shapeshifter) (D:10)
  5 dream sheep
  12 jumping spiders
  9 culicivoras
  Eustachio (D:4)
  A wraith (D:9)
  5 wyverns
  2 vampires
  2 fire elementals (D:14)
  8 humans (D:14)
  A hog (D:14)
  40 yaks
  Grum (Lair:1)
  2 basilisks
  A steam dragon (D:10)
  23 redbacks
  4 vampire mosquitoes
  An acid dragon (D:9)
  9 water moccasins
  2 hell hounds (D:14)
  12 orc warriors
  2 ice beasts (D:7)
  2 black bears
  3 ogres
  2 centaurs
  17 wolves
  A phantom (D:6)
  A kobold brigand (D:6)
  12 bullfrogs
  2 scorpions (D:6)
  2 killer bees (D:10)
  2 wights (D:8)
  2 crimson imps (D:4)
  A hound (D:5)
  12 orc priests
  An iguana (D:4)
  13 orc wizards
  A howler monkey zombie (D:9)
  4 adders
  A river rat (D:6)
  A shadow imp (D:6)
  A howler monkey simulacrum (D:9)
  2 ufetubi (Gauntlet)
  An adder zombie (D:4)
  3 worms
  2 dart slugs
  56 orcs
  6 ball pythons
  5 endoplasms
  4 giant cockroaches
  7 goblins
  5 hobgoblins
  5 jackals
  2 quokkas
  5 bats (D:1)
  12 frilled lizards
  12 kobolds
  5 rats
521 creatures vanquished.

Vanquished Creatures (collateral kills)
  Louise (D:14)
  A broodmother (Spider:3)
  2 entropy weavers (Spider:2)
  3 spark wasps
  A vault guard (D:14)
  A hydra (Lair:5)
  Erolcha (D:9)
  A two-headed ogre (D:10)
  2 catoblepae (Lair:6)
  A death scarab (Gauntlet)
  4 death yaks
  An orc high priest (Orc:2)
  A sixfirhy (Gauntlet)
  A skeletal warrior (D:13)
  2 steelbarb worms (Lair:4)
  An orb spider (Spider:3)
  2 orc knights (Orc:2)
  3 wolf spiders
  An orc sorcerer (Orc:2)
  A moth of wrath (Spider:2)
  3 manticores
  2 cyclopes
  22 elephants
  A merfolk siren (Lair:3)
  4 black mambas
  6 cane toads
  3 torpor snails
  A gargoyle (D:11)
  2 rime drakes
  A demonic crawler (Spider:3)
  5 komodo dragons
  The ghost of r3xj the Skirmisher, an amateur MiFi of Okawaru (D:6)
  4 meliai
  A polar bear (Lair:3)
  2 trolls
  2 tarantellas
  11 blink frogs
  A slime creature (D:12)
  8 dream sheep
  A spectral black mamba (Gauntlet)
  12 jumping spiders
  5 culicivoras
  23 yaks
  4 wraiths
  2 basilisks
  9 humans (D:14)
  A vampire mosquito (D:12)
  A steam dragon (D:9)
  21 redbacks
  Menkaure (D:7)
  2 acid dragons
  A hell hound (D:14)
  8 water moccasins
  2 ice beasts (D:7)
  2 sky beasts (D:8)
  A black bear (Lair:3)
  12 orc warriors
  A necrophage (D:7)
  2 ogres
  20 wolves
  6 centaurs
  A lemure (D:9)
  A scorpion (D:5)
  7 bullfrogs
  3 killer bees (D:10)
  3 wights (D:8)
  2 electric eels (Spider:1)
  2 crimson imps (D:4)
  A bullfrog zombie (D:6)
  Crazy Yiuf (D:7)
  7 orc priests
  4 hounds
  A jelly (D:5)
  15 orc wizards
  A killer bee zombie (D:5)
  A hound zombie (D:5)
  3 adders
  A river rat (D:6)
  A white imp (D:5)
  An ufetubus (D:7)
  A worm (D:11)
  46 orcs
  2 endoplasms (D:4)
  2 giant cockroaches (D:4)
  A jackal (D:4)
  3 kobolds (D:6)
  A quokka skeleton (D:4)
360 creatures vanquished.

Vanquished Creatures (others)
  A culicivora (Spider:2)
  A human (D:14)
  34 battlemagi
  27 fungi
  58 plants
121 creatures vanquished.

Grand Total: 1002 creatures vanquished

Notes
Turn   | Place    | Note
-------+----------+-------------------------------------------
     0 | D:1      | croobank the Gnoll Monk began the quest for the Orb.
     0 | D:1      | Reached XP level 1. HP: 23/23 MP: 1/1
    91 | D:1      | Reached XP level 2. HP: 29/29 MP: 2/2
   478 | D:1      | Reached XP level 3. HP: 23/35 MP: 3/3
   720 | D:1      | Gained mutation: You are somewhat resistant to further
                  | mutation. [potion of mutation]
  1027 | D:2      | Reached skill level 1 in Invocations
  1262 | D:2      | Reached skill level 1 in Short Blades
  1262 | D:2      | Reached skill level 1 in Long Blades
  1262 | D:2      | Reached skill level 1 in Maces & Flails
  1262 | D:2      | Reached skill level 1 in Polearms
  1262 | D:2      | Reached skill level 1 in Staves
  1262 | D:2      | Reached skill level 1 in Slings
  1262 | D:2      | Reached skill level 1 in Bows
  1262 | D:2      | Reached skill level 1 in Crossbows
  1262 | D:2      | Reached skill level 1 in Throwing
  1262 | D:2      | Reached skill level 1 in Armour
  1262 | D:2      | Reached skill level 1 in Shields
  1262 | D:2      | Reached skill level 1 in Unarmed Combat
  1262 | D:2      | Reached skill level 1 in Spellcasting
  1262 | D:2      | Reached skill level 1 in Evocations
  1328 | D:2      | Reached XP level 4. HP: 41/41 MP: 5/5
  1493 | D:2      | Found a faded altar of an unknown god.
  2117 | D:3      | Reached skill level 1 in Conjurations
  2117 | D:3      | Reached skill level 1 in Hexes
  2117 | D:3      | Reached skill level 1 in Summonings
  2117 | D:3      | Reached skill level 1 in Necromancy
  2117 | D:3      | Reached skill level 1 in Translocations
  2117 | D:3      | Reached skill level 1 in Transmutations
  2117 | D:3      | Reached skill level 1 in Fire Magic
  2117 | D:3      | Reached skill level 1 in Ice Magic
  2117 | D:3      | Reached skill level 1 in Air Magic
  2117 | D:3      | Reached skill level 1 in Earth Magic
  2117 | D:3      | Reached skill level 1 in Poison Magic
  2534 | D:3      | Reached XP level 5. HP: 45/47 MP: 6/6
  2933 | D:3      | Noticed a black bear
  3848 | D:3      | Killed a black bear
  3849 | D:3      | Reached XP level 6. HP: 34/53 MP: 8/8
  4032 | D:3      | Found a hazy altar of Hepliaklqana.
  4069 | D:3      | Found a glowing golden altar of the Shining One.
  4115 | D:3      | Became a worshipper of Hepliaklqana the Forgotten
  4115 | D:3      | Reached * piety under Hepliaklqana
  4115 | D:3      | Reached ** piety under Hepliaklqana
  4116 | D:3      | Remembered your ancestor Andrew J Allford as a battlemage
  4253 | D:4      | Found a shimmering altar of Xom.
  4270 | D:3      | Identified 2 scrolls of acquirement {acquirement}
  4270 | D:3      | Acquired the ring "Hovuu" {rElec rF- rCorr Int+6 Dex+6}
  4433 | D:4      | Reached XP level 7. HP: 48/53 MP: 10/10
  4552 | D:4      | Noticed Eustachio
  4785 | D:4      | Killed Eustachio
  4832 | D:4      | Identified the +4 ring mail "Nirche" {Regen+}
  4969 | D:4      | Reached skill level 5 in Stealth
  5151 | D:5      | Entered Level 5 of the Dungeon
  5186 | D:5      | Reached XP level 8. HP: 52/60 MP: 12/12
  5317 | D:5      | Acquired the +0 helmet "Ricauneo" {rC+}
  5699 | D:5      | Found a staircase to the Ecumenical Temple.
  5721 | D:5      | Reached *** piety under Hepliaklqana
  5858 | D:6      | Found a runed translucent door.
  5899 | D:6      | Noticed r3xj's ghost (amateur MiFi)
  6430 | D:6      | Found a runed translucent door.
  6525 | D:6      | Reached XP level 9. HP: 64/64 MP: 14/14
  6941 | D:7      | Found a transporter.
  7289 | D:7      | Reached **** piety under Hepliaklqana
  7328 | D:7      | Noticed Menkaure
  7335 | D:7      | Killed Menkaure
  7336 | D:7      | Found Yheem's General Store.
  7365 | D:7      | Bought a scroll of identify for 26 gold pieces
  7433 | D:7      | Found a runed translucent door.
  7434 | D:7      | Noticed Crazy Yiuf
  7446 | D:7      | Killed Crazy Yiuf
  7574 | D:7      | Found a transporter.
  7804 | D:6      | Killed r3xj's ghost
  7805 | D:6      | Reached skill level 5 in Invocations
  8029 | D:8      | Reached XP level 10. HP: 62/72 MP: 17/17
  9006 | D:9      | Reached ***** piety under Hepliaklqana
  9093 | D:9      | Reached skill level 5 in Short Blades
  9093 | D:9      | Reached skill level 5 in Long Blades
  9093 | D:9      | Reached skill level 5 in Maces & Flails
  9093 | D:9      | Reached skill level 5 in Polearms
  9093 | D:9      | Reached skill level 5 in Staves
  9093 | D:9      | Reached skill level 5 in Slings
  9093 | D:9      | Reached skill level 5 in Bows
  9093 | D:9      | Reached skill level 5 in Crossbows
  9093 | D:9      | Reached skill level 5 in Throwing
  9093 | D:9      | Reached skill level 5 in Armour
  9093 | D:9      | Reached skill level 5 in Shields
  9093 | D:9      | Reached skill level 5 in Unarmed Combat
  9093 | D:9      | Reached skill level 5 in Spellcasting
  9093 | D:9      | Reached skill level 5 in Evocations
  9100 | D:9      | Noticed Erolcha
  9110 | D:9      | Killed Erolcha
  9132 | D:9      | Found Gatium's Antique Armour Shop.
  9199 | D:9      | Noticed a two-headed ogre
  9226 | D:9      | Killed a two-headed ogre
  9316 | D:9      | Found Ulixommu's Antique Weapon Shop.
  9480 | D:9      | Noticed Pikel
  9490 | D:9      | Killed Pikel
  9594 | D:9      | Noticed a two-headed ogre
  9616 | D:9      | Killed a two-headed ogre
  9617 | D:9      | Reached XP level 11. HP: 72/78 MP: 19/19
  9653 | D:9      | Identified the +9 whip "Ukhlism" {drain, rF+ Str-4 Dex+4}
  9800 | D:10     | Entered Level 10 of the Dungeon
  9804 | D:10     | Acquired 1083 gold pieces
  9856 | D:10     | Reached skill level 5 in Conjurations
  9856 | D:10     | Reached skill level 5 in Hexes
  9856 | D:10     | Reached skill level 5 in Summonings
  9856 | D:10     | Reached skill level 5 in Necromancy
  9856 | D:10     | Reached skill level 5 in Translocations
  9856 | D:10     | Reached skill level 5 in Transmutations
  9856 | D:10     | Reached skill level 5 in Fire Magic
  9856 | D:10     | Reached skill level 5 in Ice Magic
  9856 | D:10     | Reached skill level 5 in Air Magic
  9856 | D:10     | Reached skill level 5 in Earth Magic
  9856 | D:10     | Reached skill level 5 in Poison Magic
  9892 | D:10     | Noticed a two-headed ogre
  9902 | D:10     | Killed a two-headed ogre
 10282 | D:10     | Found a staircase to the Lair.
 10416 | D:10     | Learned a level 3 spell: Dazzling Flash
 10422 | D:10     | Learned a level 5 spell: Silence
 10909 | D:11     | Found a staircase to the Orcish Mines.
 10920 | Orc:1    | Entered Level 1 of the Orcish Mines
 11048 | Orc:2    | Entered Level 2 of the Orcish Mines
 11048 | Orc:2    | Found a staircase to the Elven Halls.
 11129 | Orc:2    | Noticed an orc sorcerer
 11222 | Orc:2    | Noticed an orc sorcerer
 11231 | Orc:2    | Killed an orc sorcerer
 11268 | Orc:2    | Noticed an orc knight
 11301 | Orc:2    | Killed an orc sorcerer
 11795 | Orc:2    | Noticed an orc knight
 12028 | D:11     | Reached XP level 12. HP: 81/86 MP: 20/22
 12276 | D:11     | Found a snail-covered altar of Cheibriados.
 12558 | D:11     | Identified the +4 ring mail of Komas {Drain rF+ rC+ Dex+5}
 12624 | D:12     | Noticed a two-headed ogre
 12631 | D:12     | Killed a two-headed ogre
 12649 | D:12     | Identified the +1 robe of Eternal Vigilance {Harm rElec
                  | Will+}
 13253 | D:13     | Reached skill level 10 in Fighting
 13253 | D:13     | Reached skill level 10 in Axes
 13253 | D:13     | Reached skill level 10 in Dodging
 13341 | D:13     | Noticed a six-headed hydra
 13366 | D:13     | Killed a six-headed hydra
 13469 | Lair:1   | Entered Level 1 of the Lair of Beasts
 13736 | Lair:1   | Noticed Grum
 13747 | Lair:1   | Noticed a five-headed hydra
 13769 | Lair:1   | Killed a five-headed hydra
 13779 | Lair:1   | Killed Grum
 13920 | Lair:1   | Reached XP level 13. HP: 92/92 MP: 24/24
 14293 | Lair:1   | Reached ****** piety under Hepliaklqana
 14667 | Lair:2   | Found a gate leading to a gauntlet.
 14676 | Gauntlet | Entered a Gauntlet
 14676 | Gauntlet | Found a transporter.
 14676 | Gauntlet | Found a transporter.
 14689 | Gauntlet | Found a transporter.
 14689 | Gauntlet | Found a transporter.
 14752 | Gauntlet | Found a transporter.
 14752 | Gauntlet | Found a transporter.
 14847 | Gauntlet | Found a transporter.
 14847 | Gauntlet | Found the +3 pair of gauntlets of War {Slay+5}
 14880 | Gauntlet | Identified the +10 dagger of croobank's Peril {antimagic,
                  | rElec rPois Dex+2}
 14880 | Gauntlet | Identified the +7 hand crossbow "Qiduthra" {penet, rC+}
 14880 | Gauntlet | Noticed a minotaur
 14913 | Gauntlet | Found a transporter.
 14928 | Gauntlet | Identified the ring of Amelioration {Wiz rC+}
 16090 | Lair:3   | You fall into a shaft and drop 2 floors!
 16245 | Lair:4   | Reached XP level 14. HP: 96/101 MP: 26/26
 16390 | Lair:3   | Identified the +4 rapier "Mesh" {vorpal, Drain Str+3 Int+7
                  | Dex+2}
 16492 | Lair:3   | Found a staircase to the Shoals.
 16763 | Lair:4   | Reached skill level 10 in Stealth
 17018 | Lair:4   | Learned a level 3 spell: Swiftness
 17019 | Lair:4   | Found a transporter.
 17021 | Lair:4   | Noticed Jysajome's ghost (adept OgCj)
 17048 | Lair:4   | Found a one-way gate to the infinite horrors of the Abyss.
 17253 | Lair:4   | Found a hole to the Spider Nest.
 17305 | Lair:4   | Reached skill level 10 in Invocations
 17442 | Lair:4   | Found a transporter.
 17937 | Lair:5   | Learned a level 4 spell: Summon Ice Beast
 18188 | Lair:5   | Noticed Snorg
 18206 | Lair:5   | Killed Snorg
 18547 | Lair:5   | Learned a level 4 spell: Petrify
 18602 | Lair:5   | Identified the +9 scale mail "Bef Xenk" {rF+ Will+}
 19106 | Lair:6   | Entered Level 6 of the Lair of Beasts
 19458 | Lair:6   | Learned a level 3 spell: Frozen Ramparts
 19654 | Lair:6   | Reached XP level 15. HP: 108/108 MP: 28/28
 19860 | Lair:6   | Found a viscous altar of Jiyva.
 19861 | Lair:6   | Found a staircase to the Slime Pits.
 20019 | Lair:6   | Acquired a book of the Dragon
 20026 | Lair:6   | Learned a level 4 spell: Cause Fear
 20283 | Lair:6   | Reached skill level 10 in Short Blades
 20283 | Lair:6   | Reached skill level 10 in Long Blades
 20283 | Lair:6   | Reached skill level 10 in Maces & Flails
 20283 | Lair:6   | Reached skill level 10 in Polearms
 20283 | Lair:6   | Reached skill level 10 in Staves
 20283 | Lair:6   | Reached skill level 10 in Slings
 20283 | Lair:6   | Reached skill level 10 in Bows
 20283 | Lair:6   | Reached skill level 10 in Crossbows
 20283 | Lair:6   | Reached skill level 10 in Throwing
 20283 | Lair:6   | Reached skill level 10 in Armour
 20283 | Lair:6   | Reached skill level 10 in Shields
 20283 | Lair:6   | Reached skill level 10 in Unarmed Combat
 20283 | Lair:6   | Reached skill level 10 in Spellcasting
 20283 | Lair:6   | Reached skill level 10 in Evocations
 21653 | Orc:2    | Found Qasih's Armour Boutique.
 21653 | Orc:2    | Found Oxzus's Armour Emporium.
 21655 | Orc:2    | Found Seidez's Magic Scroll Boutique.
 21655 | Orc:2    | Found Sozowori's General Store.
 21721 | Orc:2    | Learned a level 4 spell: Passage of Golubria
 22996 | D:13     | Found Neaxof's Elemental Accessories.
 23198 | D:14     | Noticed Nessos
 23205 | D:14     | Killed Nessos
 23357 | D:14     | Noticed Louise
 23374 | D:14     | Killed Louise
 23538 | D:14     | Identified the +6 hunting sling of Suicidal Tendencies
                  | {venom, Fragile Dex+6}
 23813 | D:14     | Noticed Azrael
 23843 | D:14     | Killed Azrael
 23844 | D:14     | Reached XP level 16. HP: 102/110 MP: 30/30
 23850 | D:14     | Noticed Kirke
 23871 | D:14     | Killed Kirke
 24092 | D:14     | Found a gate to the Vaults.
 24235 | D:14     | Identified the +1 robe of Duawke Denn {SInv}
 24674 | D:14     | Found an ornate altar of the Wu Jian Council.
 24886 | D:15     | Entered Level 15 of the Dungeon
 25034 | Orc:2    | Bought a +3 scale mail of poison resistance for 322 gold
                  | pieces
 25276 | Spider:1 | Entered Level 1 of the Spider Nest
 26828 | Spider:2 | Noticed Nikola
 26873 | Spider:2 | Killed Nikola
 28679 | Spider:3 | Reached XP level 17. HP: 110/122 MP: 32/32
 29780 | Spider:3 | Identified the +1 robe of the Jolly Lies {Will+}
 29979 | Spider:3 | Noticed Mara
 30354 | Spider:4 | Entered Level 4 of the Spider Nest
 30782 | Spider:4 | Noticed Arachne
 30799 | Spider:4 | HP: 3/123 [jumping spider (13)]
 30800 | Spider:4 | HP: 1/123 [jumping spider (4)]
 30800 | Spider:4 | Slain by a redback

Illustrated notes

Levels and vault maps discovered:
D:1:      roderic_crossed_star, layout_basic, minmay_small_reverse_x
D:2:      layout_basic, shapermc_ecumenical_altar_starsandcircs,
          serial_bayou_pond_b, minmay_misc_feat_secret_circle
D:3:      layout_rooms, mainiacjoe_overflow_two_lobes, minmay_lizard_king
D:4:      minmay_diamond_boxcup, layout_cave_pools, led_xom_imps, uniq_eustachio
D:5:      layout_gridville, lemuel_temple_firewalk_b
D:6:      layout_loops_ring, ebering_ghost_sewer_f, small_statue_alley_b
D:7:      gammafunk_steamed_eel, layout_loops_corners, serial_shops,
          nicolae_shop_crystal, uniq_menkaure, uniq_crazy_yiuf_cottage
D:8:      layout_layer_cave
D:9:      layout_loops_ring, serial_shops, nicolae_shop_hallway_stairs,
          nicolae_stop_n_shop_1, grunt_potential, uniq_erolcha, uniq_pikel
D:10:     layout_irregular_city, david_lair_shrubbed, minmay_microvault
D:11:     layout_basic, david_orc_2, cheibrodos_worm_habitat
D:12:     layout_cave_pools
D:13:     layout_basic, nicolae_elemental_shop
D:14:     layout_cave_pods, grunt_vaults_entry_tiered, skrybe_limestone_x,
          nzn_wu_jian_council_hall, uniq_kirke, uniq_azrael, uniq_nessos,
          uniq_louise
D:15:     hangedman_depths_entry_civil_slaughter, layout_cave_pods,
          hangedman_abyss_or_decor_stagger, nrook_uturn, uniq_rupert
Lair:1:   layout_loops_ring, grunt_forest_large_clearings, uniq_grum
Lair:2:   layout_chaotic_city, gauntlet_entry_generic
Lair:3:   layout_chaotic_city, minmay_shoals_entry_lonely_mermaid,
          serial_bayou_shore_a
Lair:4:   layout_cave_pods, spider_nest_entry_web_field,
          gammafunk_ghost_abyssal_escape
Lair:5:   layout_cave_pods, grunt_megastairs_2, uniq_snorg
Lair:6:   evilmike_catoblepas_cave, layout_gridlike,
          dpeg_slime_entry_enclosed_altar, serial_rivers,
          chequers_serial_rivers_small_3, chequers_serial_rivers_micro_d,
          chequers_serial_rivers_micro_e, chequers_serial_rivers_large_a,
          chequers_serial_rivers_small_3
Spider:1: layout_spider_delve, nicolae_spider_bzzzt
Spider:2: layout_chambers, uniq_nikola
Spider:3: layout_cave_pods, hangedman_spider_tarantella_strand, uniq_mara
Spider:4: spider_rune_water, nicolae_spider_twisty_arc_passages, uniq_arachne
Orc:1:    layout_caves
Orc:2:    grunt_orc_tribal_feast, layout_caves, minmay_orc_temple_a

Skill      XL: |  1  2  3  4  5  6  7  8  9 10 11 12 13 14 15 16 |
---------------+-------------------------------------------------+-----
Invocations    | 1 2 3 4 5 6 7 8 9 10 11 12 | 12.6
Short Blades   | 1 2 3 4 5 6 7 8 9 10 11 | 11.6
Long Blades    | 1 2 3 4 5 6 7 8 9 10 11 | 11.6
Maces & Flails | 1 2 3 4 5 6 7 8 9 10 11 | 11.6
Polearms       | 1 2 3 4 5 6 7 8 9 10 11 | 11.6
Staves         | 1 2 3 4 5 6 7 8 9 10 11 | 11.6
Slings         | 1 2 3 4 5 6 7 8 9 10 11 | 11.6
Bows           | 1 2 3 4 5 6 7 8 9 10 11 | 11.6
Crossbows      | 1 2 3 4 5 6 7 8 9 10 11 | 11.6
Throwing       | 1 2 3 4 5 6 7 8 9 10 11 | 11.6
Armour         | 1 2 3 4 5 6 7 8 9 10 11 | 11.6
Shields        | 1 2 3 4 5 6 7 8 9 10 11 | 11.6
Unarmed Combat | 1 2 3 4 5 6 7 8 9 10 11 | 11.6
Spellcasting   | 1 2 3 4 5 6 7 8 9 10 11 | 11.6
Evocations     | 1 2 3 4 5 6 7 8 9 10 11 | 11.6
Conjurations   | 1 2 3 4 5 6 7 8 9 |  9.8
Hexes          | 1 2 3 4 5 6 7 8 9 |  9.8
Summonings     | 1 2 3 4 5 6 7 8 9 |  9.8
Necromancy     | 1 2 3 4 5 6 7 8 9 |  9.8
Translocations | 1 2 3 4 5 6 7 8 9 |  9.8
Transmutations | 1 2 3 4 5 6 7 8 9 |  9.8
Fire Magic     | 1 2 3 4 5 6 7 8 9 |  9.8
Ice Magic      | 1 2 3 4 5 6 7 8 9 |  9.8
Air Magic      | 1 2 3 4 5 6 7 8 9 |  9.8
Earth Magic    | 1 2 3 4 5 6 7 8 9 |  9.8
Poison Magic   | 1 2 3 4 5 6 7 8 9 |  9.8
Fighting       | 7 8 9 10 11 12 13 | 13.2
Axes           | 7 8 9 10 11 12 13 | 13.2
Dodging        | 7 8 9 10 11 12 13 | 13.2
Stealth        | 5 6 7 8 9 10 11 12 | 12.3

Action                   |  1- 3 |  4- 6 |  7- 9 | 10-12 | 13-15 | 16-18 || total
-------------------------+-------+-------+-------+-------+-------+-------++-------
Melee: Hand axe          |   129 |   173 |   220 |   424 |    73 |   393 ||  1412
       Bite              |    12 |    23 |    40 |    84 |   276 |   157 ||   592
       Punch             |       |     1 |     5 |    21 |     9 |       ||    36
       Whip              |       |       |       |    79 |   792 |   288 ||  1159
       Rapier            |       |       |       |       |   335 |       ||   335
 Fire: Hunting sling     |       |       |     4 |       |       |       ||     4
       Shortbow          |       |       |       |     6 |       |       ||     6
Throw: Stone             |       |       |       |       |     2 |       ||     2
       Dart              |       |       |       |       |       |    14 ||    14
       Boomerang         |       |       |       |       |       |     9 ||     9
 Cast: Dazzling Flash    |       |       |       |       |     1 |    14 ||    15
       Petrify           |       |       |       |       |     1 |    22 ||    23
       Cause Fear        |       |       |       |       |     2 |     9 ||    11
       Summon Ice Beast  |       |       |       |       |     2 |     6 ||     8
       Passage of Golubr |       |       |       |       |     1 |     1 ||     2
       Frozen Ramparts   |       |       |       |       |     1 |     1 ||     2
       Swiftness         |       |       |       |       |       |    18 ||    18
       Silence           |       |       |       |       |       |    10 ||    10
Invok: Ancestor Life: Ba |       |     1 |       |       |       |       ||     1
       Ancestor Identity |       |     1 |       |       |       |       ||     1
       Recall Ancestor   |       |       |       |     1 |     2 |     1 ||     4
       Idealise          |       |       |       |       |     1 |     1 ||     2
Evoke: Wand              |       |       |       |       |     2 |    30 ||    32
  Use: Scroll            |     1 |     5 |     9 |    12 |    13 |    10 ||    50
       Potion            |     1 |     2 |     1 |     3 |     8 |    11 ||    26
 Stab: Sleeping          |     7 |     4 |     9 |    12 |    16 |     4 ||    52
       Distracted        |       |       |     6 |    10 |    20 |    15 ||    51
       Petrified         |       |       |       |       |     4 |    10 ||    14
       Invisible         |       |       |       |       |       |    19 ||    19
       Paralysed         |       |       |       |       |       |     8 ||     8
       Petrifying        |       |       |       |       |       |     1 ||     1
Armor: Robe              |    17 |       |       |       |       |       ||    17
       Ring mail         |    24 |    48 |    59 |   187 |   152 |       ||   470
       Scale mail        |       |       |       |       |   193 |   210 ||   403
       Troll leather arm |       |       |       |       |    31 |    26 ||    57
Dodge: Dodged            |    93 |   114 |   189 |   364 |   893 |   632 ||  2285
Block: Buckler           |       |       |       |       |   450 |   332 ||   782

Table legend: (Time is in decaauts)
 A = Elapsed time spent in this place.
 B = Non-inter-level travel time spent in this place.
 C = Inter-level travel time spent in this place.
 D = Time resting spent in this place.
 E = Time spent auto-exploring this place.
 F = Levels seen in this place.
 G = Mean time per level.
                   A        B        C        D        E       F      G
               +--------+--------+--------+--------+--------+-----+--------+
         Total |  30108 |  28591 |   1517 |   4708 |  13491 |  28 | 1075.3 |
       Dungeon |  15266 |  14498 |    768 |   2131 |   7898 |  15 | 1017.7 |
          Lair |   8052 |   7597 |    455 |   1198 |   3483 |   6 | 1342.0 |
   Spider Nest |   4513 |   4408 |    105 |   1070 |   1627 |   4 | 1128.2 |
  Orcish Mines |   2031 |   1843 |    188 |    242 |    458 |   2 | 1015.5 |
      Gauntlet |    245 |    245 |      0 |     66 |     24 |   1 |  245.0 |
               +--------+--------+--------+--------+--------+-----+--------+

Top non-repeatable levels by time:
  Lair:4: 2104 daAuts
     D:3: 1920 daAuts
Spider:2: 1664 daAuts
  Lair:6: 1618 daAuts
    D:14: 1563 daAuts
Spider:3: 1530 daAuts
  Lair:5: 1426 daAuts
     D:2: 1419 daAuts
   Orc:2: 1333 daAuts
     D:6: 1127 daAuts
     D:8: 1116 daAuts
  Lair:1: 1096 daAuts
    D:10: 1083 daAuts
     D:1: 994 daAuts
    D:13: 987 daAuts
